 Dungeon Crawl Stone Soup version 0.30-a0-56-ge6a4009bfd (webtiles) character file.

Game seed: 8744719161448815734

1428 Newt the Cudgeller (level 8, -1/54 HPs)
             Began as a Demonspawn Gladiator on Sept 10, 2022.
             Was a Follower of Hepliaklqana.
             Slain by Edmund
             ... wielding a +5 dire flail of protection
              (13 damage)
             ... on level 5 of the Dungeon.
             The game lasted 00:09:28 (5233 turns).

Newt the Cudgeller (Demonspawn Gladiator)           Turns: 5233, Time: 00:09:28

Health: -1/54      AC:  8    Str: 17    XL:     8   Next: 44%
Magic:  8/8        EV: 13    Int: 10    God:    Hepliaklqana [*.....]
Gold:   340        SH:  0    Dex: 14    Spells: 7/7 levels left

rFire   . . .      SeeInvis .    r - +1 whip (flame)
rCold   . . .      Faith    .    (no shield)
rNeg    + . .      Spirit   .    b - +0 leather armour
rPois   .          Reflect  .    c - +0 helmet
rElec   .          Harm     .    q - +0 cloak
rCorr   .          Rampage  .    (no gloves)
Will    .....                    (no boots)
Stlth   ++........               (no amulet)
HPRegen 0.18/turn                f - ring of positive energy
MPRegen 0.11/turn                (no ring)

@: no status effects
A: reduced essence, powered by death 1, sharp scales 3
a: Renounce Religion, Recall Ancestor, Ancestor Identity


You were on level 5 of the Dungeon.
You worshipped Hepliaklqana.
Hepliaklqana was aware of your devotion.
You visited 1 branch of the dungeon, and saw 5 of its levels.

You collected 340 gold pieces.

Inventory:

Hand Weapons
 a - a +0 rapier
 r - a +1 whip of flaming (weapon)
Missiles
 e - a javelin (quivered)
 y - 4 poisoned darts
Armour
 b - a +0 leather armour (worn)
 c - a +0 helmet (worn)
 q - a +0 cloak (worn)
Jewellery
 f - a ring of positive energy (left hand)
Scrolls
 h - 3 scrolls of teleportation
 l - a scroll of fear
 m - a scroll of immolation
 o - a scroll of summoning
 p - 3 scrolls of silence
 s - a scroll of enchant weapon
 u - a scroll of noise
 w - a scroll of amnesia {unknown}
 x - a scroll of magic mapping {unknown}
Potions
 g - 3 potions of haste
 i - a potion of mutation {unknown}
 j - a potion of invisibility
 n - a potion of lignification
 t - a potion of might {unknown}
 v - a potion of attraction {unknown}
 z - a potion of brilliance {unknown}


   Skills:
 - Level 4.0 Fighting
 - Level 4.0 Short Blades
 + Level 6.3 Maces & Flails
 - Level 1.7 Throwing
 - Level 4.0 Armour
 - Level 4.0 Dodging
 - Level 2.0 Stealth


You had 7 spell levels left.
You didn't know any spells.
Your spell library was empty.

Dungeon Overview and Level Annotations

Branches:
Dungeon (5/15)
 Temple: D:4-7

Altars:
Hepliaklqana
Ru

Annotations:
D:5 Edmund


Innate Abilities, Weirdness & Mutations

Your life essence is reduced to manifest your ancestor. (-10% HP)
You regenerate a little health from kills.
You are completely covered in razor-sharp scales. (AC +3, Slay +3)


Message History

Necuametl hits Edmund.
Edmund hits Necuametl with a +5 dire flail of protection!
Necuametl is destroyed!
Edmund throws a stone.
The stone hits you but does no damage.
Throw: throwing net
Press: ? - help, Shift-Dir - straight line, f - Edmund
Aim: Edmund, wielding a +5 dire flail of protection, wearing a +0 leather armour and quivering stones (heavily wounded, 64% to hit)
You throw a throwing net. The throwing net hits Edmund.
Edmund is caught in the net!
Edmund is heavily wounded.
Edmund struggles against the net.
Edmund struggles against the net.
You catch the helpless Edmund completely off-guard!
You hit Edmund. You burn Edmund.
Edmund is severely wounded.
Edmund struggles against the net.
You whack Edmund! You burn Edmund.
Edmund is severely wounded.
Edmund struggles against the net.
The net rips apart, and Edmund comes free!
You barely miss Edmund.
Edmund is severely wounded.
Unknown command.
You closely miss Edmund.
Edmund is severely wounded.
Edmund closely misses you.
Unknown command.
You closely miss Edmund.
Edmund is severely wounded.
Edmund hits you with a +5 dire flail of protection!
You barely miss Edmund.
Edmund is severely wounded.
Edmund hits you with a +5 dire flail of protection!
* * * LOW HITPOINT WARNING * * *
Unknown command.
Okay, then.
You feel better.
Edmund grinds his teeth, and then sighs.
Edmund hits you with a +5 dire flail of protection!
You die...

#...# ...### #..... #.
...# ###... #. ##.# #...
# #. #... #.#. #### .
#.#. #.. ...#... #..
......@###############..
.......@.......).....'..
...###################..
#.. #.. #.. ###


You could see Edmund.

Vanquished Creatures
  Sigmund (D:3)
  4 yaks
  An ice beast (D:5)
  2 phantoms
  A scorpion (D:3)
  A necrophage (D:2)
  A hound (D:3)
  An orc priest (D:3)
  An orc wizard (D:3)
  2 iguanas (D:5)
  2 gnolls (D:5)
  6 adders
  An ufetubus (D:5)
  A worm (D:3)
  16 orcs
  8 ball pythons
  8 bats
  5 endoplasms
  2 giant cockroaches
  5 goblins
  5 hobgoblins
  3 jackals (D:2)
  5 quokkas
  2 frilled lizards
  6 kobolds
  25 rats
115 creatures vanquished.

Vanquished Creatures (collateral kills)
  2 gnolls (D:5)
2 creatures vanquished.

Vanquished Creatures (others)
  4 ancestors (D:5)
  9 plants (D:2)
13 creatures vanquished.

Grand Total: 130 creatures vanquished

Notes
Turn   | Place    | Note
-------+----------+-------------------------------------------
     0 | D:1      | Newt the Demonspawn Gladiator began the quest for the Orb.
     0 | D:1      | Reached XP level 1. HP: 16/16 MP: 1/1
   123 | D:1      | Reached skill level 1 in Stealth
   139 | D:1      | Gained mutation: You regenerate a little health from kills.
                  | [demonic ancestry]
   139 | D:1      | Reached XP level 2. HP: 12/22 MP: 2/2
   932 | D:2      | Gained mutation: You are partially covered in razor-sharp
                  | scales. (AC +1, Slay +1) [demonic ancestry]
   932 | D:2      | Reached XP level 3. HP: 22/28 MP: 3/3
  1589 | D:2      | Found a sacrificial altar of Ru.
  1694 | D:2      | Noticed a necrophage
  1704 | D:2      | Killed a necrophage
  1705 | D:2      | Gained mutation: You are mostly covered in razor-sharp
                  | scales. (AC +2, Slay +2) [demonic ancestry]
  1705 | D:2      | Reached XP level 4. HP: 29/37 MP: 4/4
  2322 | D:3      | Gained mutation: You are completely covered in razor-sharp
                  | scales. (AC +3, Slay +3) [demonic ancestry]
  2322 | D:3      | Reached XP level 5. HP: 42/42 MP: 5/5
  2398 | D:3      | Found a hazy altar of Hepliaklqana.
  2500 | D:3      | Noticed Sigmund
  2536 | D:3      | Killed Sigmund
  2537 | D:3      | Reached skill level 3 in Maces & Flails
  2537 | D:3      | Reached XP level 6. HP: 36/48 MP: 6/6
  2566 | D:3      | Became a worshipper of Hepliaklqana the Forgotten
  2976 | D:3      | Reached skill level 4 in Maces & Flails
  3214 | D:4      | Reached XP level 7. HP: 53/54 MP: 7/7
  3314 | D:3      | Reached skill level 1 in Armour
  4300 | D:5      | Entered Level 5 of the Dungeon
  4301 | D:5      | Reached * piety under Hepliaklqana
  4302 | D:5      | Noticed a yak
  4303 | D:5      | Noticed a yak
  4303 | D:5      | Noticed a yak
  4304 | D:5      | Noticed a yak
  4324 | D:4      | Killed a yak
  4563 | D:4      | Killed a yak
  4792 | D:5      | Killed a yak
  4793 | D:5      | Reached XP level 8. HP: 44/54 MP: 8/8
  4821 | D:5      | Reached skill level 5 in Maces & Flails
  5062 | D:5      | Reached skill level 6 in Maces & Flails
  5208 | D:5      | Noticed Edmund
  5233 | D:5      | Slain by Edmund

Illustrated notes

Levels and vault maps discovered:
D:1:      dpeg_chamrin_arrival_tetris, layout_rooms, st_stairs_2
D:2:      minmay_angry_zag, layout_basic, basic_altar,
          small_statue_intersection, serial_bayou_lagoon_b
D:3:      layout_loops_cross, amcnicky_altar_gilded, minmay_rat_hole,
          uniq_sigmund
D:4:      layout_cave_pods, tso_altar, wad_orctagon
D:5:      layout_basic, lemuel_round_altar, minmay_temple_entry_poolview,
          minivault_24, uniq_edmund

Skill      XL: |  1  2  3  4  5  6  7  8 |
---------------+-------------------------+-----
Stealth        | 1 2 |  2.0
Fighting       | 4 |  4.0
Short Blades   | 3 4 |  4.0
Maces & Flails | 3 4 6 |  6.3
Dodging        | 3 4 |  4.0
Armour         | 4 |  4.0
Throwing       | |  1.7

Action                   |  1- 3 |  4- 6 |  7- 9 || total
-------------------------+-------+-------+-------++-------
Melee: Rapier            |   137 |    24 |       ||   161
       Punch             |     1 |     2 |       ||     3
       Whip              |       |   106 |   142 ||   248
Throw: Throwing net      |     4 |       |     3 ||     7
       Javelin           |     1 |       |       ||     1
  Use: Potion            |       |     3 |     3 ||     6
       Scroll            |       |       |     8 ||     8
 Stab: Held in net/web   |     1 |       |     1 ||     2
       Sleeping          |       |     4 |       ||     4
Armor: Leather armour    |    49 |    23 |    30 ||   102
       Skin              |       |       |     4 ||     4
Dodge: Dodged            |   116 |    54 |    87 ||   257

Table legend: (Time is in decaauts)
 A = Elapsed time spent in this place.
 B = Non-inter-level travel time spent in this place.
 C = Inter-level travel time spent in this place.
 D = Time resting spent in this place.
 E = Time spent auto-exploring this place.
 F = Levels seen in this place.
 G = Mean time per level.
                   A        B        C        D        E       F      G
               +--------+--------+--------+--------+--------+-----+--------+
         Total |   5217 |   5109 |    108 |   1032 |   3086 |   5 | 1043.4 |
       Dungeon |   5217 |   5109 |    108 |   1032 |   3086 |   5 | 1043.4 |
               +--------+--------+--------+--------+--------+-----+--------+

Top non-repeatable levels by time:
     D:2: 1453 daAuts
     D:4: 1377 daAuts
     D:3: 1083 daAuts
     D:1: 838 daAuts
     D:5: 465 daAuts
